 Dungeon Crawl Stone Soup version 0.23-a0-359-g9beedce (webtiles) character file.

153 Ijustatesigmund the Conjurer (level 5, -3/46 HPs)
             Began as an Octopode Conjurer on Oct 23, 2018.
             Slain by an orc priest
             ... wielding a +0 dagger
              (6 damage)
             ... on level 3 of the Dungeon.
             The game lasted 00:05:04 (2867 turns).

Ijustatesigmund the Conjurer (Octopode Conjurer)    Turns: 2867, Time: 00:05:04

Health: -3/46      AC:  1    Str: 13    XL:     5   Next: 35%
Magic:  2/8        EV: 13    Int: 18    God:
Gold:   113        SH:  0    Dex: 12    Spells: 2/8 levels left

rFire    . . .     SeeInvis .   m - +5 falchion (slice)
rCold    . . .     Gourm    .   (no shield)
rNeg     . . .     Faith    .   (helmet restricted)
rPois    .         Spirit   .   (no amulet)
rElec    .         Reflect  .   (no ring)
rCorr    .         Harm     .   (no ring)
MR       .....                  (no ring)
Stlth    ..........             (no ring)
HPRegen  0.15/turn              (no ring)
MPRegen  0.11/turn              (no ring)
                                (no ring)
                                (no ring)

@: berserking, very quick
A: almost no armour, stealthy swim, amphibious, 8 rings, constrict 8, camouflage
1, gelatinous body 1
a: no special abilities


You were on level 3 of the Dungeon.
You were very hungry.

You visited 1 branch of the dungeon, and saw 3 of its levels.

You collected 113 gold pieces.

Inventory:

Hand Weapons
 f - a +1 long sword of flaming
 m - a +5 falchion of slicing (weapon)
Scrolls
 l - a scroll of blinking
 p - 2 scrolls of remove curse
Potions
 a - 2 potions of curing
 d - a potion of lignification
 j - a potion of mutation {unknown}
Comestibles
 b - 5 rations


   Skills:
 + Level 2.5 Long Blades
 - Level 2.0 Dodging
 - Level 2.6 Stealth
 - Level 2.0 Spellcasting
 - Level 5.0 Conjurations
 + Level 2.5 Hexes


You had 2 spell levels left.
You knew the following spells:

 Your Spells              Type           Power        Failure   Level  Hunger
a - Magic Dart            Conj           ###.         2%          1    #......
b - Searing Ray           Conj           ###...       3%          2    ###....
c - Dazzling Spray        Conj/Hex       ###...       12%         3    ###....

Your spell library contained the following spells:

 Spells                   Type           Power        Failure   Level  Hunger
 Iskenderun's Mystic Bla  Conj           ###.....     22%         4    #####..
 Fulminant Prism          Conj/Hex       ###.......   36%         4    #####..
 Force Lance              Conj/Tloc      ##......     54%         4    #####..


Dungeon Overview and Level Annotations

Branches:
Dungeon (3/15)

Altars:

Annotations:
D:3 Natasha


Innate Abilities, Weirdness & Mutations

You cannot wear most types of armour.
You are very stealthy in the water. (Stealth+)
You are amphibious.
You can wear up to eight rings at the same time.
You can use your tentacles to constrict eight enemies at once.
Your skin changes colour to match your surroundings (Stealth+).
Your rubbery body absorbs attacks. (AC +1, EV +1)


Message History

The orc priest is lightly wounded.
The orc priest looks satisfied for a moment.
You barely miss the orc priest.
The orc priest is lightly wounded.
Natasha claws you.
* * * LOW HITPOINT WARNING * * *
The orc priest completely misses you.
Okay, then.
Okay, then.
It was a potion of cancellation.
Your magical effects are unravelling.
You feel magically purged.
You feel less wooden.
You feel yourself slow down.
Natasha growls.
Natasha closely misses you.
It was a potion of berserk rage.
A red film seems to cover your vision as you go berserk!
You feel yourself moving faster!
You feel mighty!
The orc priest hits you with a +0 dagger.
You die...

#.#.# #......
###.#.# ........
..#.#.# ...##.#..#
#.#.#.# .... #.#...
#.#.#.# .... #.....
####.#.#.##....
#..###
#..............##..
#..............###h
#....@.........#
#)..ohr#.##....#
#....).#.# ....#
#......#.# ##.#
#.#.####.# .# #.#.
.. # .. .$.


You could see an orc priest, Natasha and a rat.

Vanquished Creatures
  Terence (D:2)
  Natasha (twice) (D:3)
  2 adders (D:2)
  2 oozes
  A worm (D:2)
  2 dart slugs
  2 leopard geckos
  2 orcs (D:3)
  4 bats
  3 giant cockroaches
  5 hobgoblins
  A ball python (D:1)
  4 frilled lizards
  11 kobolds
  2 rats
44 creatures vanquished.

Notes
Turn   | Place    | Note
-------+----------+-------------------------------------------
     0 | D:1      | Ijustatesigmund the Octopode Conjurer began the quest for
                  | the Orb.
     0 | D:1      | Reached XP level 1. HP: 11/11 MP: 3/3
   533 | D:1      | Reached XP level 2. HP: 17/17 MP: 1/5
   537 | D:1      | Learned a level 2 spell: Searing Ray
  1454 | D:2      | Reached skill level 5 in Conjurations
  1454 | D:2      | Reached XP level 3. HP: 20/21 MP: 0/6
  1554 | D:2      | Learned a level 3 spell: Dazzling Spray
  1584 | D:2      | Found a faded altar of an unknown god.
  1910 | D:2      | Noticed Terence
  1922 | D:2      | Killed Terence
  1922 | D:2      | Reached skill level 1 in Long Blades
  1922 | D:2      | Reached skill level 1 in Hexes
  1922 | D:2      | Reached XP level 4. HP: 18/27 MP: 1/7
  2422 | D:3      | Noticed Natasha
  2433 | D:3      | Killed Natasha
  2438 | D:3      | Noticed Natasha
  2658 | D:3      | Killed Natasha
  2658 | D:3      | Reached XP level 5. HP: 31/31 MP: 3/8
  2810 | D:3      | Noticed Natasha
  2867 | D:3      | Slain by an orc priest

Vault maps used:
D:1:      ncdulo_smallfort, corexii_hall_statues_deadend
D:2:      chequers_ecumenical_altar_simple_redux, uniq_terence
D:3:      gammafunk_wand_slinger, uniq_natasha

Skill      XL: |  1  2  3  4 |
---------------+-------------+-----
Conjurations   | 5 |  5.0
Long Blades    | 1 2 |  2.5
Hexes          | 1 2 |  2.5
Dodging        | |  2.0
Stealth        | |  2.6
Spellcasting   | |  2.0

Action                   |  1- 3 |  4- 6 || total
-------------------------+-------+-------++-------
Melee: Tentacles         |     7 |       ||     7
       Constrict         |     5 |     4 ||     9
       Unarmed           |     1 |       ||     1
       Short sword       |     3 |       ||     3
       Long sword        |    10 |       ||    10
       Falchion          |       |    15 ||    15
 Cast: Magic Dart        |    49 |    31 ||    80
       Searing Ray       |     1 |       ||     1
  Use: Scroll            |     4 |     4 ||     8
       Potion            |       |     6 ||     6
 Stab: Sleeping          |       |     1 ||     1
  Eat: Chunk             |     3 |     3 ||     6
Armor: Skin              |     1 |     6 ||     7
Dodge: Dodged            |    14 |     8 ||    22
       Rpst.: Long sword |     5 |       ||     5
       Falchion          |       |     2 ||     2

Table legend:
 A = Non-vault XP
 B = Vault XP
 C = Vault XP percentage of total XP
 D = Non-vault monster count
 E = Vault monster count
 F = Vault count percentage of total count
                 A         B        C        D         E       F
            +---------+---------+-------+---------+---------+-------
      Total |     148 |      71 |  32.4 |      42 |       2 |   4.5
            +---------+---------+-------+---------+---------+-------
        D:1 |      19 |       0 |   0.0 |      10 |       0 |   0.0
        D:2 |      67 |      36 |  35.0 |      20 |       1 |   4.8
        D:3 |      62 |      35 |  36.1 |      12 |       1 |   7.7
            +---------+---------+-------+---------+---------+-------
